[Event "*** Titled Tuesday Blitz"]
[Site "Chess.com"]
[Date "2020.11.10"]
[Round "10"]
[White "AntonovaNadezhda"]
[Black "LittleMyMoomin"]
[Result "0-1"]
[WhiteElo "2109"]
[BlackElo "1862"]
[TimeControl "180+1"]
[EndTime "12:02:30 PST"]
[Termination "LittleMyMoomin won by checkmate"]

1. d4 Nf6 2. Nf3 e6 3. e3 d5 4. Nbd2 Bd6 5. Bd3 b6 6. b3 a6 7.
Bb2 Bb7 8. O-O Nbd7 9. Ne5 Bxe5 10. dxe5 Ne4 11. f3 Nxd2 12. Qxd2 O-O 13. f4 c5 14. f5 exf5 15. Rxf5 Qc7 16. c4 dxc4 17. Bxc4 b5 18.
e6 bxc4 19. exd7 cxb3 20. axb3 Rad8 21. Rd1 Qc6 22. Rg5 f6 23. Rd5 Rf7 24. e4 Qe6 25.
Rd6 Qxe4 26. Re1 Qg6 27. Re8+ Rf8 28. Re7 Qb1+ 29. Kf2 Qf5+ 30. Kg1 c4 31. bxc4 Qc5+ 32. Kh1 Qxc4 33. h3 Qc5 34. Kh2 a5 35. Bc3 a4 36. Ba1 a3 37. Rd3 Qc7+ 38. Kh1 a2 39.
Qd1 Qc6 40. Qb3+ Kh8 41. Qd1 Qxg2# 0-1

[Event "*** Titled Tuesday Blitz"]
[Site "Chess.com"]
[Date "2020.11.10"]
[Round "10"]
[White "zala02"]
[Black "chessmachine14"]
[Result "1-0"]
[WhiteElo "2168"]
[BlackElo "2274"]
[TimeControl "180+1"]
[EndTime "12:02:31 PST"]
[Termination "zala02 won by checkmate"]

1. d4 Nf6 2. c4 g6 3. Nc3 Bg7 4. e4 O-O 5. Nf3 d6 6. Be2 e5 7.
O-O Nc6 8. d5 Ne7 9. b4 Nh5 10.
Re1 f5 11. Ng5 Nf6 12. Bf3 Kh8 13. a4 fxe4 14. Ncxe4 Nf5 15. Bb2 Nd4 16. Bxd4 exd4 17. Ne6 Bxe6 18. dxe6 Nxe4 19. Bxe4 Qf6 20. Ra2 c6 21. b5 Qxe6 22. bxc6 bxc6 23. Bxc6 Qxc4 24. Rc2 Qb4 25. Bxa8 d3 26. Rd2 Bc3 27. Rxd3 Bxe1 28. Qa1+ Kg8 29. Bd5+ Rf7 30. Bxf7+ Kxf7 31. Rf3+ Kg8 32.
Qf6 d5 33. Qf7+ Kh8 34. Qxd5 Bc3 35. Qd8+ Kg7 36. Qc7+ Kh6 37. Rxc3 Qb1+ 38. Rc1 Qe4 39. g3 Kh5 40. Qf4 Qxf4 41. gxf4 Kg4 42. Rc7 h5 43. Rxa7 h4 44. Rb7 g5 45. a5 gxf4 46.
a6 f3 47. a7 Kh3 48. a8=Q Kg4 49. Qc8+ Kf4 50. Qc4+ Kg5 51. Rb5+ Kf6 52. Qa4 Kg7 53. Qa6 Kh8 54. Rb7 Kg8 55. Qa8# 1-0

[Event "*** Titled Tuesday Blitz"]
[Site "Chess.com"]
[Date "2020.11.10"]
[Round "10"]
[White "Barmen_EV"]
[Black "Algeriano22"]
[Result "1-0"]
[WhiteElo "2461"]
[BlackElo "2686"]
[TimeControl "180+1"]
[EndTime "12:02:32 PST"]
[Termination "Barmen_EV won on time"]

1. d4 Nf6 2. c4 d6 3. Nc3 g6 4. e4 Bg7 5. f4 O-O 6. Nf3 c5 7. d5 e6 8. Be2 exd5 9. cxd5 Re8 10. e5 dxe5 11. fxe5 Ng4 12. Bg5 Qb6 13. O-O Nxe5 14. Nxe5 Bxe5 15. Bc4 Nd7 16. d6 Bd4+ 17. Kh1 Ne5 18.
Nd5 Nxc4 19. Nxb6 axb6 20. Qf3 Nxd6 21. Bf6 Bf5 22. Bxd4 cxd4 23. Qd5 Rad8 24. Qxd4 b5 25. Qb6 Bd3 26. Rfe1 Ne4 27. Qxb7 Re6 28. Kg1 h5 29.
Rad1 f5 30. b3 Red6 31. a4 bxa4 32. bxa4 R8d7 33. Qb3+ Kh7 34. a5 h4 35. Qb4 Kh6 36.
a6 Bxa6 37. Rxd6 1-0

[Event "*** Titled Tuesday Blitz"]
[Site "Chess.com"]
[Date "2020.11.10"]
[Round "10"]
[White "Sofiia_Hryzlova"]
[Black "blitzking1729"]
[Result "1/2-1/2"]
[WhiteElo "2329"]
[BlackElo "2539"]
[TimeControl "180+1"]
[EndTime "12:02:32 PST"]
[Termination "Game drawn by repetition"]

1. c4 e5 2. Nc3 d6 3. Nf3 f5 4. d4 e4 5. Ng5 Be7 6. Nh3 Nf6 7. Nf4 O-O 8. e3 c6 9. Be2 Na6 10. a3 Nc7 11. b4 Ne6 12. d5 Nxf4 13. exf4 cxd5 14.
Nxd5 Be6 15. Nxe7+ Qxe7 16. Be3 b6 17. h3 Rfd8 18.
O-O d5 19. cxd5 Nxd5 20. Qe1 Nxe3 21. fxe3 Rac8 22. Rc1 Qf6 23. Ba6 Rxc1 24. Qxc1 Qe7 25. Rd1 Kf7 26. Rd2 Rxd2 27. Qxd2 Qc7 28. Kf2 h6 29. Be2 g5 30. g3 gxf4 31. gxf4 Qe7 32. Kg2 Kg6 33. Qd4 Qf6 34. Qd6 Bf7 35. Bh5+ Kg7 36. Qd7 Kf8 37. Qc8+ Ke7 38. Qc7+ Kf8 39. Qc8+ Kg7 40. Qd7 Qb2+ 41. Kg3 Qb3 42. Qxa7 Qxe3+ 43.
Kg2 Qd2+ 44. Kg3 Qe1+ 45. Kg2 Qd2+ 46. Kg3 Qd3+ 47. Kg2 Qd2+ 1/2-1/2

[Event "*** Titled Tuesday Blitz"]
[Site "Chess.com"]
[Date "2020.11.10"]
[Round "10"]
[White "chito89"]
[Black "GregShahade"]
[Result "0-1"]
[WhiteElo "2827"]
[BlackElo "2711"]
[TimeControl "180+1"]
[EndTime "12:02:34 PST"]
[Termination "GregShahade won by resignation"]

1. Nf3 Nf6 2. c4 g6 3. Nc3 d5 4.
cxd5 Nxd5 5. h4 Nxc3 6. dxc3 Qxd1+ 7. Kxd1 h5 8. e4 Bg7 9. Bf4 c6 10. Kc2 Nd7 11. a4 e5 12. Be3 f6 13. a5 Bh6 14.
Bxh6 Rxh6 15. Nd2 Ke7 16. Nc4 Nc5 17. f3 Be6 18. b4 Nd7 19. Be2 Rhh8 20. Rhd1 Rhd8 21.
Nd6 Rab8 22. a6 b6 23. g3 Nf8 24. Nb7 Rdc8 25. f4 Nd7 26. f5 gxf5 27. Nd6 Rg8 28. Nxf5+ Bxf5 29. exf5 Rxg3 30. Bxh5 Rh8 31. Bg6 Rxh4 32. Rd2 Rc4 33. Rd3 Rg2+ 34. Kb3 b5 35. Rad1 Nb6 36. Rd8 Nd5 37. R8xd5 cxd5 38. Rxd5 Rg3 39. Rxb5 Rgxc3+ 40. Kb2 Rc2+ 41. Kb3 R4c3+ 0-1

[Event "*** Titled Tuesday Blitz"]
[Site "Chess.com"]
[Date "2020.11.10"]
[Round "10"]
[White "Iskusnyh"]
[Black "GigaQuparadze"]
[Result "1-0"]
[WhiteElo "2585"]
[BlackElo "2727"]
[TimeControl "180+1"]
[EndTime "12:02:34 PST"]
[Termination "Iskusnyh won by resignation"]

1. d4 d5 2. c4 e6 3. Nf3 Nf6 4. g3 Bb4+ 5. Bd2 Be7 6. Bg2 O-O 7. O-O c6 8. Qc2 b6 9. a3 Ba6 10. cxd5 cxd5 11. Bb4 Qd7 12. Ne5 Qb7 13. Nc3 Rc8 14. Rfc1 Nc6 15. Nxc6 Rxc6 16. Bxe7 Qxe7 17. Nxd5 exd5 18.
Qxc6 Rd8 19. e3 Bc4 20. Rxc4 dxc4 21. Qxc4 h5 22. Rc1 Ng4 23. h3 Nxe3 24. fxe3 Qxe3+ 25. Kh2 h4 26. Rf1 hxg3+ 27. Kh1 Rf8 28. d5 Qe5 29. Qf4 Qxb2 30. Qxg3 Qd4 31. Qf4 Qd3 32. a4 b5 33.
axb5 Qxb5 34. d6 Qd3 35. Rf2 a5 36. Rd2 Qb1+ 37. Kh2 Qb8 38. Qg3 a4 39. d7 Qb6 40.
Qd6 Qd8 41. Bd5 a3 42. Rf2 Kh8 43. Rxf7 Rg8 44. Rf2 Qh4 45. Qg3 Qxg3+ 46. Kxg3 Rd8 47. Bc6 g6 48. Ra2 Kg7 49. Rxa3 Kf6 50. Ra8 Rxa8 1-0

[Event "*** Titled Tuesday Blitz"]
[Site "Chess.com"]
[Date "2020.11.10"]
[Round "10"]
[White "Grandelicious"]
[Black "ShapkinAnatoliy"]
[Result "1-0"]
[WhiteElo "2810"]
[BlackElo "2642"]
[TimeControl "180+1"]
[EndTime "12:02:36 PST"]
[Termination "Grandelicious won on time"]

1. e4 e5 2. Nf3 Nc6 3. d4 exd4 4.
Bc4 Nf6 5. e5 d5 6. Bb5 Ne4 7.
Nxd4 Bd7 8. Bxc6 bxc6 9. O-O Be7 10. f3 Nc5 11. f4 O-O 12. Nc3 f6 13. exf6 Bxf6 14.
Be3 Re8 15. Qd2 Ne4 16. Nxe4 Rxe4 17. Rae1 Qf8 18. Nb3 Rae8 19. Bxa7 Rxe1 20. Rxe1 Rxe1+ 21. Qxe1 Bxb2 22. Qe3 Bf5 23. c3 Be4 24. Bc5 Qa8 25. Ba7 Bxc3 26. a4 Bb4 27. a5 Qb7 28. h3 Bd6 29. Bc5 Bxc5 30. Nxc5 Qb2 31. Nxe4 Qb1+ 32. Kf2 Qa2+ 33. Nd2 h6 34. Qc3 c5 35. Ke2 c4 36.
Qb4 c6 37. f5 Kh7 38. f6 1-0

[Event "*** Titled Tuesday Blitz"]
[Site "Chess.com"]
[Date "2020.11.10"]
[Round "10"]
[White "KuzubovYuriy"]
[Black "Zhigalko_Sergei"]
[Result "0-1"]
[WhiteElo "2833"]
[BlackElo "2929"]
[TimeControl "180+1"]
[EndTime "12:02:37 PST"]
[Termination "Zhigalko_Sergei won on time"]

1. d4 Nf6 2. c4 e6 3. Nf3 b6 4. g3 Ba6 5. Qc2 Bb4+ 6. Bd2 Be7 7. e4 d5 8. cxd5 Bxf1 9. Kxf1 exd5 10. e5 Ne4 11.
Nc3 Nxd2+ 12. Qxd2 Qd7 13. Kg2 Nc6 14. Ne2 Nd8 15. h4 Ne6 16. Nf4 O-O-O 17. Rac1 Kb7 18.
Rc2 Rc8 19. Rhc1 h6 20. Nxe6 fxe6 21. h5 Rhf8 22. b4 Qa4 23. Rb1 Rf5 24. g4 Rf7 25. b5 Rcf8 26. Rb3 Rf4 27. Kg3 Bg5 28. Nxg5 hxg5 29.
Rbc3 R4f7 30. Qc1 Rc8 31. Qb2 Rf4 32. Rd3 Qa5 33. Re3 a6 34. bxa6+ Qxa6 35. Qa1 Qa4 36.
Rd2 Rcf8 37. f3 Qb4 0-1

[Event "*** Titled Tuesday Blitz"]
[Site "Chess.com"]
[Date "2020.11.10"]
[Round "10"]
[White "Igor_Lysyj"]
[Black "MokshanovAlexey"]
[Result "1/2-1/2"]
[WhiteElo "2815"]
[BlackElo "2627"]
[TimeControl "180+1"]
[EndTime "12:02:37 PST"]
[Termination "Game drawn by repetition"]

1. d4 d5 2. Nf3 Nf6 3. g3 e6 4. Bg2 Be7 5. c4 O-O 6. O-O c6 7. Nc3 b6 8. Nd2 Bb7 9. e4 dxe4 10. Ndxe4 Nbd7 11. Bf4 Nxe4 12. Nxe4 Nf6 13. Qe2 h6 14. Rfd1 Nxe4 15. Bxe4 Bf6 16. Be5 Qe7 17. Qf3 Rac8 18. c5 Bxe5 19. dxe5 Qxc5 20. Rd7 Ba6 21. Rxa7 Ra8 22.
Rxa8 Rxa8 23. Qf4 Rd8 24. Rc1 Qd4 25. b3 c5 26. h4 Be2 27. a4 Kf8 28. Re1 Ba6 29.
Kh2 Qd2 30. Re3 Rd4 31. Qf3 Qb2 32. Bg6 Rd7 33. Re4 Kg8 34. Bh5 g6 35. Bxg6 fxg6 36. Qf6 Rg7 37. Rf4 Kh7 38. Qxe6 Bd3 39. Rf8 Bf5 40.
Rxf5 gxf5 41. Qxf5+ Kg8 42. Qc8+ Kh7 43. Qf5+ Kg8 44.
Qc8+ Kh7 45. Qf5+ 1/2-1/2

[Event "*** Titled Tuesday Blitz"]
[Site "Chess.com"]
[Date "2020.11.10"]
[Round "10"]
[White "GMTalks_Youtube"]
[Black "crazy_but_lazy"]
[Result "0-1"]
[WhiteElo "2623"]
[BlackElo "2503"]
[TimeControl "180+1"]
[EndTime "12:02:37 PST"]
[Termination "crazy_but_lazy won by resignation"]

1. d4 Nf6 2. Bf4 c5 3. d5 e6 4. Nc3 b5 5. e4 a6 6. e5 Nxd5 7. Nxd5 exd5 8. Qxd5 Nc6 9. O-O-O Be7 10. Nf3 O-O 11.
c3 Qa5 12. Kb1 Bb7 13. Bd3 Rad8 14. h4 b4 15. c4 b3 16. a3 Qb6 17. Qe4 g6 18.
Qe2 Nd4 19. Nxd4 cxd4 20. h5 g5 21. h6 Kh8 22. Qg4 Rg8 23. Bc1 Qe6 24. Qg3 f5 25. exf6 Bxf6 26. f3 d5 27. Rhe1 Qf7 28. c5 Bc8 29.
Qd6 Rxd6 30. cxd6 Rd8 31. Bd2 Rxd6 32. Bb4 Re6 33. Rxe6 Bxe6 34. Re1 Be7 35. g4 Bxb4 0-1

[Event "*** Titled Tuesday Blitz"]
[Site "Chess.com"]
[Date "2020.11.10"]
[Round "10"]
[White "swisspower96"]
[Black "ChelsieMonica"]
[Result "0-1"]
[WhiteElo "2546"]
[BlackElo "2380"]
[TimeControl "180+1"]
[EndTime "12:02:37 PST"]
[Termination "ChelsieMonica won by resignation"]

1. g4 h5 2. g5 Nc6 3. Bg2 d5 4.
c4 d4 5. d3 e5 6. Nd2 Qxg5 7.
Bxc6+ bxc6 8. Ngf3 Qf5 9. Ne4 h4 10. Rg1 f6 11. Bd2 g5 12. Nexg5 fxg5 13. Rxg5 Qf6 14.
Rxe5+ Be7 15. Qa4 Bd7 16. Bg5 Qg6 17. Qb4 Rh7 18. O-O-O Kf8 19. Qb7 Rc8 20. Rg1 Bd6 21. Re4 Qf5 22. Nxd4 Qxf2 23. Be3 Qxh2 24. c5 Bg3 25.
Rf1+ Rf7 26. Rxf7+ Kxf7 27. Nxc6 Nf6 28. Re7+ Kg6 29.
Rxd7 Nxd7 30. Qxc8 Qh1+ 31. Kc2 Qxc6 32. Qg8+ Kf5 33.
Qh7+ Kg4 34. d4 Nf6 35. Qg6+ Kh3 36. Qf5+ Kh2 37. Bg5 Qe4+ 38. Qxe4 Nxe4 39. Bd8 h3 40. Kd3 Kg2 41. Kxe4 h2 42. Bxc7 h1=Q 43. Bxg3 Kxg3+ 44. Ke5 Qg2 45. e4 Qxb2 46. c6 Qxa2 47. c7 Qc4 48.
Kd6 Qxd4+ 49. Kc6 Qxe4+ 50. Kb5 Qc2 51. Ka6 Qxc7 0-1

[Event "*** Titled Tuesday Blitz"]
[Site "Chess.com"]
[Date "2020.11.10"]
[Round "10"]
[White "Chessdude1987"]
[Black "karwowskikacper"]
[Result "0-1"]
[WhiteElo "2293"]
[BlackElo "2432"]
[TimeControl "180+1"]
[EndTime "12:02:37 PST"]
[Termination "karwowskikacper won on time"]

1. e4 c5 2. b3 g6 3. Bb2 Nf6 4.
Nc3 d6 5. f4 Bg7 6. Bb5+ Bd7 7.
Qe2 O-O 8. Bxd7 Nbxd7 9. g4 e5 10. f5 h5 11. g5 Ne8 12. f6 Bh8 13. Nd5 Nc7 14.
Nxc7 Qxc7 15. Nf3 a6 16. c3 b5 17. d4 cxd4 18. cxd4 exd4 19. Bxd4 Rfe8 20. O-O Qb7 21. Nd2 Nc5 22. Bxc5 dxc5 23. e5 Qd5 24. Nf3 Qe6 25. Qg2 Rad8 26. Rad1 c4 27. bxc4 Qxc4 28. h3 Rd3 29. Rxd3 Qxd3 30. Re1 Qd5 31. Qe2 a5 32. Rd1 Qe6 33. Kg2 b4 34. Qb5 Qxa2+ 35. Rd2 Qe6 36. Qxa5 b3 37. Qb5 Rc8 38. Kg3 h4+ 39. Kg2 Qc4 40.
Qxc4 Rxc4 41. Rb2 Rc2+ 0-1

[Event "*** Titled Tuesday Blitz"]
[Site "Chess.com"]
[Date "2020.11.10"]
[Round "10"]
[White "romulocardoso"]
[Black "Matols"]
[Result "1-0"]
[WhiteElo "2097"]
[BlackElo "2238"]
[TimeControl "180+1"]
[EndTime "12:02:38 PST"]
[Termination "romulocardoso won on time"]

1. e4 e6 2. d4 d5 3. exd5 exd5 4. c4 dxc4 5. Bxc4 Nf6 6. Nc3 Bd6 7. Nf3 O-O 8. O-O Bg4 9. h3 Bh5 10. Re1 Nbd7 11. Bg5 h6 12. Bh4 c6 13. Ne4 Be7 14.
Ng3 Bg6 15. Ne5 Nxe5 16. dxe5 Nd5 17. Bxe7 Nxe7 18. Qg4 Kh7 19. h4 f5 20. exf6 Rxf6 21.
h5 Bc2 22. Rac1 Qd2 23. Nf1 Qxf2+ 24. Kh1 Bf5 25. Qd1 Nd5 26. Bxd5 cxd5 27. Rc7 Be4 28. Ne3 Qh4+ 29. Kg1 Raf8 30. Re2 Rf2 31. Qd4 Qg3 32.
Rxg7+ Qxg7 33. Qxg7+ Kxg7 34. Rxf2 Rc8 35. Rd2 Rc1+ 36.
Kf2 Rc5 37. Kg3 Kf6 38. Kf4 Ra5 39. a3 Ke6 40. g4 Rc5 41. Nf5 1-0

[Event "*** Titled Tuesday Blitz"]
[Site "Chess.com"]
[Date "2020.11.10"]
[Round "10"]
[White "Gerodot71"]
[Black "mirciulica14"]
[Result "0-1"]
[WhiteElo "2482"]
[BlackElo "2634"]
[TimeControl "180+1"]
[EndTime "12:02:40 PST"]
[Termination "mirciulica14 won by checkmate"]

1. d4 Nf6 2. c4 e6 3. Nf3 Bb4+ 4. Bd2 a5 5. g3 b6 6. Bg2 Bb7 7. O-O O-O 8. Bg5 Be7 9. Nc3 Ne4 10. Bxe7 Qxe7 11.
Qd3 Nxc3 12. Qxc3 d6 13. Rfe1 f5 14. Rad1 Nd7 15. Nd2 Bxg2 16. Kxg2 e5 17. Nf1 f4 18.
f3 e4 19. Nd2 e3 20. Nf1 g5 21.
Rd3 Rf7 22. a3 Raf8 23. b4 axb4 24. axb4 Rg7 25. c5 g4 26. fxg4 Rxg4 27. Qc4+ Kh8 28.
Qd5 Rg5 29. Qc6 d5 30. Kg1 Nf6 31. cxb6 cxb6 32. Rc1 Ne4 33. Qc7 Qe8 34. Rc6 fxg3 35. Nxg3 Nxg3 36. hxg3 Rgf5 37. Rd1 Qh5 38. Rd6 Rf2 39. Rd7 Qh2# 0-1

[Event "*** Titled Tuesday Blitz"]
[Site "Chess.com"]
[Date "2020.11.10"]
[Round "10"]
[White "VladimirPotkin"]
[Black "Mr_Heisenberg13"]
[Result "1-0"]
[WhiteElo "2668"]
[BlackElo "2485"]
[TimeControl "180+1"]
[EndTime "12:02:41 PST"]
[Termination "VladimirPotkin won by resignation"]

1. Nf3 Nf6 2. c4 e6 3. Nc3 d5 4.
d4 Bb4 5. e3 O-O 6. Bd3 b6 7.
cxd5 exd5 8. O-O Bb7 9. Ne5 Nbd7 10. Bd2 Nxe5 11. dxe5 Nd7 12. f4 Qe7 13. Qc2 h6 14. Rad1 f6 15. Nxd5 Bxd5 16. Bxb4 Qxb4 17. Bh7+ Kh8 18. Rxd5 Nc5 19. a3 Qb3 20. Qxb3 Nxb3 21. Bc2 Nc5 22. b4 Ne6 23. Rfd1 c5 24. Rd6 Rae8 25. f5 Nc7 26. e6 Nb5 27. Rd7 Nxa3 28. Be4 cxb4 29. Rxa7 Rc8 30. Rdd7 Rg8 31. Rab7 Nc4 32. e7 b3 33. Bd5 b2 34. Be4 Ra8 35.
Kf2 Ra2 36. Kg3 Ra3 37. Bb1 Rxe3+ 38. Kf4 Re1 39. Rd8 Kh7 40. Rbb8 g5+ 41. fxg6+ Rxg6 42. Rh8+ Kg7 43. Rbg8+ Kf7 44. Bxg6+ Kxe7 45. Re8+ Kd6 46.
Rxe1 1-0

[Event "*** Titled Tuesday Blitz"]
[Site "Chess.com"]
[Date "2020.11.10"]
[Round "10"]
[White "albi1999"]
[Black "Supernotar"]
[Result "0-1"]
[WhiteElo "2581"]
[BlackElo "2863"]
[TimeControl "180+1"]
[EndTime "12:02:42 PST"]
[Termination "Supernotar won by resignation"]

1. d4 d5 2. Nf3 Nf6 3. c4 dxc4 4. e3 e6 5. Bxc4 a6 6. O-O b5 7. Bd3 Bb7 8. Qe2 Nbd7 9. e4 Be7 10. a4 b4 11. Nbd2 c5 12. e5 Nd5 13. Nb3 cxd4 14.
Rd1 O-O 15. Qe4 g6 16. Bh6 Re8 17. Qxd4 Rc8 18. Rac1 Rxc1 19. Rxc1 Qb8 20. h4 Rd8 21. Bg5 Bxg5 22. hxg5 Ne7 23. Nbd2 Nf5 24. Bxf5 gxf5 25. Qf4 Bd5 26. Re1 Nc5 27. Qh4 Nd3 28. Re3 Bxf3 29. Nxf3 Qc7 30. g6 fxg6 31. Ng5 Qe7 32. Qc4 Nxb2 33. Qxe6+ Qxe6 34. Nxe6 Rd1+ 35. Kh2 Nd3 36. f4 b3 37. Ng5 b2 38. e6 b1=Q 39. e7 Rh1+ 40. Kg3 Qe1+ 41. Rxe1 Rxe1 0-1

[Event "*** Titled Tuesday Blitz"]
[Site "Chess.com"]
[Date "2020.11.10"]
[Round "10"]
[White "Trickov"]
[Black "Goryachkina"]
[Result "1/2-1/2"]
[WhiteElo "2374"]
[BlackElo "2588"]
[TimeControl "180+1"]
[EndTime "12:02:42 PST"]
[Termination "Game drawn by agreement"]

1. d4 d5 2. Nf3 Nf6 3. c4 e6 4. g3 Bb4+ 5. Bd2 Be7 6. Bg2 O-O 7. Qc2 Nbd7 8. O-O c6 9. b3 b6 10. Rd1 Bb7 11. Nc3 Rc8 12. e4 dxe4 13. Nxe4 c5 14. Nxf6+ Bxf6 15. Ng5 Bxg5 16. Bxb7 Rc7 17. Bg2 cxd4 18.
Bxg5 Qxg5 19. Rxd4 Nf6 20. Qd2 Qxd2 21. Rxd2 Rfc8 22.
Rad1 Kf8 23. Rd8+ Ke7 24. Rxc8 Rxc8 25. Kf1 a5 26. Ke2 g5 27. Rd4 Rd8 28. Rxd8 Kxd8 29. a3 Kc7 30. b4 axb4 31. axb4 Kd6 32. h3 Nd7 33. Ke3 f5 34. f4 h6 35. Bb7 e5 36.
fxe5+ Nxe5 37. Kd4 f4 38. gxf4 gxf4 39. c5+ bxc5+ 40.
bxc5+ Ke6 41. Be4 Kf6 42. c6 Nxc6+ 43. Bxc6 Kg7 44. Ke4 Kh8 45. Kxf4 Kg7 1/2-1/2

[Event "*** Titled Tuesday Blitz"]
[Site "Chess.com"]
[Date "2020.11.10"]
[Round "10"]
[White "Evgeny81"]
[Black "grunbergmihai"]
[Result "1-0"]
[WhiteElo "2716"]
[BlackElo "2486"]
[TimeControl "180+1"]
[EndTime "12:02:43 PST"]
[Termination "Evgeny81 won by checkmate"]

1. e4 Nf6 2. e5 Nd5 3. Nf3 d6 4. exd6 exd6 5. d4 Be7 6. Be2 O-O 7. c4 Nb6 8. Nc3 Bg4 9. b3 Nc6 10. O-O Bf6 11. Be3 d5 12. c5 Nc8 13. h3 Bxf3 14.
Bxf3 N8e7 15. g4 g6 16. Rc1 Bg7 17. Bg2 Qd7 18. a3 f5 19. f4 fxg4 20. hxg4 Rae8 21. Re1 Kh8 22. b4 Rf7 23. Rc2 Ref8 24. Rf2 a6 25. Kh1 Nd8 26. Qf3 c6 27. Ne2 Ne6 28. Qh3 Qc7 29. Ref1 Qc8 30. f5 gxf5 31. gxf5 Nc7 32. Ng3 Nb5 33. Qg4 Ng8 34. Bh3 Qe8 35. Rf3 Re7 36. Bg1 Nf6 37. Qh4 Ne4 38. Nh5 Bxd4 39. f6 Ref7 40. Ng7 Qd8 41. Ne6 Qe8 42. Nxd4 Nxd4 43. Bxd4 Nd2 44. Re3 Qd8 45. Rg1 Rg8 46. Rg7 Ne4 47. Qxh7# 1-0

[Event "*** Titled Tuesday Blitz"]
[Site "Chess.com"]
[Date "2020.11.10"]
[Round "10"]
[White "sofaceindisguise"]
[Black "zverr1"]
[Result "1-0"]
[WhiteElo "2694"]
[BlackElo "2444"]
[TimeControl "180+1"]
[EndTime "12:02:43 PST"]
[Termination "sofaceindisguise won by checkmate"]

1. d4 Nf6 2. Nf3 g6 3. c4 Bg7 4.
Nc3 d5 5. Bg5 Ne4 6. Bf4 Nxc3 7.
bxc3 dxc4 8. h4 h5 9. Qa4+ Nd7 10. Qxc4 c5 11. e3 O-O 12. Be2 a6 13. Ng5 b5 14.
Qd3 e5 15. dxe5 Nxe5 16. Qxd8 Rxd8 17. O-O Bf5 18. e4 Bg4 19. f3 Bd7 20. Be3 Rac8 21.
f4 Ng4 22. Bxg4 Bxg4 23. e5 Rd3 24. Bf2 Rxc3 25. Ne4 Rc2 26. Rfc1 Rxc1+ 27. Rxc1 c4 28. Nd6 Rc6 29. Be1 f6 30. Bc3 fxe5 31. fxe5 b4 32. Bxb4 Bxe5 33. Rxc4 Rxd6 34. Bxd6 Bxd6 35. Rc6 Be7 36.
Rxg6+ Kf7 37. Rxa6 Bxh4 38. a4 Bf6 39. a5 Bd4+ 40. Kh1 Be6 41. Rd6 Be5 42. Rc6 h4 43. a6 Bd4 44. a7 Bxa7 45. Rc7+ Kg6 46. Rxa7 Kg5 47. Kh2 Bf5 48. Ra5 Kg6 49. Kg1 Kg5 50. Kf2 Kf4 51. Ra4+ Be4 52. Rb4 Kf5 53. Rb8 Kf4 54.
Rg8 Bf5 55. Rh8 Kg4 56. Ke3 Kg3 57. Rg8+ Kh2 58. Kf2 Be4 59. Rg4 h3 60. Rxe4 Kh1 61.
gxh3 Kh2 62. h4 Kh3 63. h5 Kh2 64. Rh4# 1-0

[Event "*** Titled Tuesday Blitz"]
[Site "Chess.com"]
[Date "2020.11.10"]
[Round "10"]
[White "xLuring1"]
[Black "ambaixador"]
[Result "1-0"]
[WhiteElo "2395"]
[BlackElo "2451"]
[TimeControl "180+1"]
[EndTime "12:02:43 PST"]
[Termination "xLuring1 won by resignation"]

1. e4 c6 2. d4 d5 3. Nd2 dxe4 4. Nxe4 Nf6 5. Nxf6+ exf6 6. c3 Bd6 7. Bd3 O-O 8. Ne2 Re8 9. Qc2 g6 10. h4 Nd7 11. h5 Nf8 12. Bh6 Bg4 13. O-O-O Bxe2 14. Bxe2 Qc7 15. g3 b5 16. Bf3 Rab8 17. hxg6 fxg6 18. Rh4 Ne6 19. Be3 Ng5 20. Bg2 Bxg3 21. Rg4 Bd6 22. Bd2 Kg7 23. Rh1 h5 24. Rgh4 Re2 25. Rf1 Rbe8 26.
Qd3 a6 27. Bh1 R2e6 28. f4 Ne4 29. f5 gxf5 30. Rxf5 Nxd2 31. Rfxh5 Kf8 32. Rh8+ Ke7 33. R4h7+ Kd8 34. Rxe8+ Rxe8 35. Rxc7 Bxc7 36. Qxd2 Rh8 37. Bxc6 Rh4 38. Qf2 Rf4 39. Qe2 Bd6 40. Qe8+ Kc7 41. Qd7+ Kb6 42. Qxd6 Ka5 43. Qxf4 f5 44. d5 Kb6 45.
Qd4+ 1-0

[Event "*** Titled Tuesday Blitz"]
[Site "Chess.com"]
[Date "2020.11.10"]
[Round "10"]
[White "giantslayer83"]
[Black "maxip32"]
[Result "1-0"]
[WhiteElo "2708"]
[BlackElo "2450"]
[TimeControl "180+1"]
[EndTime "12:02:44 PST"]
[Termination "giantslayer83 won on time"]

1. c4 g6 2. d4 Bg7 3. Nc3 Nf6 4. g3 O-O 5. Bg2 d6 6. Nf3 Nbd7 7. O-O e5 8. e4 exd4 9. Nxd4 Re8 10. Be3 a6 11.
h3 Rb8 12. a4 a5 13. Qc2 Nc5 14. Rad1 Bd7 15. b3 Qc8 16. Kh2 Re5 17. g4 Qe8 18. f3 h5 19. g5 Nh7 20. f4 Re7 21. Nd5 c6 22. Nxe7+ Qxe7 23. Rfe1 Re8 24. Bf2 f6 25. e5 dxe5 26. Qxg6 Nf8 27. Qxh5 fxg5 28. fxg5 Qf7 29. Qxf7+ Kxf7 30. Nxc6 Bxc6 31. Bxc6 bxc6 32. Bxc5 Ne6 33. Be3 Kg6 34. h4 Kh5 35. Kg3 Bf8 36. Rd7 Bb4 37. Rf1 Nf4 38. Rh7+ Kg6 39. Rh6+ Kg7 40. Bxf4 exf4+ 41. Rxf4 Be1+ 42. Kg4 Re3 43. Rxc6 Rxb3 44.
Re4 Rg3+ 45. Kh5 Rb3 46. Rxe1 1-0

[Event "*** Titled Tuesday Blitz"]
[Site "Chess.com"]
[Date "2020.11.10"]
[Round "10"]
[White "B-man"]
[Black "IceBelka"]
[Result "0-1"]
[WhiteElo "2543"]
[BlackElo "2368"]
[TimeControl "180+1"]
[EndTime "12:02:44 PST"]
[Termination "IceBelka won on time"]

1. e4 c6 2. d4 d5 3. Nc3 dxe4 4. Nxe4 Bf5 5. Ng3 Bg6 6. Nf3 Nd7 7. Bc4 e6 8. Qe2 Ngf6 9. O-O Bd6 10. Ne5 Qc7 11. f4 O-O-O 12. a4 Nd5 13. a5 a6 14. Bxa6 bxa6 15. Qxa6+ Qb7 16. Qxc6+ Qxc6 17. Nxc6 Rde8 18. c4 Nb4 19. Nxb4 Bxb4 20. Ra4 Be7 21. Bd2 Bc2 22.
Raa1 Kb7 23. Rfc1 Bg6 24. b4 Bf6 25. Bc3 Rc8 26. Bb2 Bd3 27. c5 Bb5 28. Nf1 Nb8 29.
Ne3 Nc6 30. Nc4 Bxc4 31. Rxc4 Ka6 32. Kf2 Kb5 33. Rac1 Rhd8 34. Ke3 Rd5 35. g4 Rcd8 36. g5 Bxd4+ 37. Bxd4 Rxd4 38. Rxd4 Rxd4 39. Ra1 Rxb4 40. a6 Na7 41. Rd1 Kxa6 42. Rd7 Rb7 43. Rd8 Kb5 44. Kd4 Nc6+ 0-1

[Event "*** Titled Tuesday Blitz"]
[Site "Chess.com"]
[Date "2020.11.10"]
[Round "10"]
[White "Chuchofrio1"]
[Black "Piotrek1979"]
[Result "0-1"]
[WhiteElo "2314"]
[BlackElo "2454"]
[TimeControl "180+1"]
[EndTime "12:02:44 PST"]
[Termination "Piotrek1979 won by checkmate"]

1. d4 Nf6 2. c4 g6 3. Nc3 Bg7 4. e4 d6 5. f4 O-O 6. Nf3 c5 7. d5 e6 8. dxe6 Bxe6 9. Bd3 Bg4 10.
O-O Nc6 11. Be3 Nd4 12. Bxd4 cxd4 13. Ne2 Re8 14. Nd2 Qb6 15. h3 Bxe2 16. Qxe2 Nxe4 17. Nxe4 f5 18. Kh1 fxe4 19. Bxe4 Kh8 20. Qf3 Re7 21. b3 Rf8 22. Rad1 a5 23. Rfe1 Rfe8 24. Qd3 Qc5 25. Re2 Qh5 26. Rde1 Qh4 27. Bf3 Qxe1+ 28.
Rxe1 Rxe1+ 29. Kh2 R1e3 30. Qd1 b6 31. Bd5 d3 32.
Qg4 d2 33. Bf3 R8e6 34. f5 gxf5 35. Qxf5 Be5+ 36. g3 Rf6 37. Qc8+ Kg7 38. Qg4+ Kf8 39. Qc8+ Kg7 40. Qg4+ Rg6 41. Qd7+ Kh6 42. Bd1 Rexg3 43. Bc2 Rg2+ 44. Kh1 Rg1# 0-1

[Event "*** Titled Tuesday Blitz"]
[Site "Chess.com"]
[Date "2020.11.10"]
[Round "10"]
[White "IANOV0007"]
[Black "Luklei18"]
[Result "0-1"]
[WhiteElo "2438"]
[BlackElo "2362"]
[TimeControl "180+1"]
[EndTime "12:02:45 PST"]
[Termination "Luklei18 won by resignation"]

1. Nf3 d6 2. d4 g6 3. g3 Bg7 4.
Bg2 Nf6 5. b3 O-O 6. Bb2 a5 7.
a4 Ne4 8. O-O c5 9. Nbd2 Nxd2 10. Qxd2 Nc6 11. c4 cxd4 12. Nxd4 Nxd4 13. Bxd4 Bxd4 14.
Qxd4 Ra6 15. Rfd1 Qb6 16. Qc3 Bd7 17. h4 Bc6 18. h5 Qb4 19. Qxb4 axb4 20. hxg6 hxg6 21.
Bd5 Kg7 22. Rac1 Ra5 23. e4 Rc8 24. Kg2 f5 25. exf5 gxf5 26. Bxc6 Rxc6 27. Kf3 Kf6 28. Rh1 d5 29. Rh6+ Ke5 30. Re1+ Kd4 31. Rxc6 bxc6 32.
cxd5 cxd5 33. Rxe7 Rc5 34. Re3 Rc3 35. Kf4 Kc5 36. Rxc3+ bxc3 37. Ke3 Kb4 38. Kd3 Kxb3 39. a5 c2 40. a6 c1=Q 41. a7 Qc4+ 42. Kd2 Qd4+ 43. Ke2 Qxa7 44. Kf3 Qd4 45. Kg2 Kc3 0-1